Pick #1

Connor Bedard
Pick #2

Leo Carlsson
Pick #3

Adam Fantilli
Pick #4

Matvei Michkov
Pick #5

David Reinbacher
Pick #6

William Smith
Pick #7

Zachary Benson
Pick #8

Ryan Leonard
Pick #9

Gabriel Perreault
Pick #10

Axel Sandin-Pellika
Pick #11

Daniil But
Pick #12

Dalibor Dvorsky
Pick #13

Quentin Musty
Pick #14

Brayden Yager
Pick #15

Dmitry Simashev
Pick #16

Colby Barlow
Pick #17

Andrew Cristall
Pick #18

Easton Cowan
Pick #19

Jacob Fowler
Pick #20

Oliver Moore
Pick #21

Oliver Bonk
Pick #22

Tom Willander
Pick #23

Calum Ritchie
Pick #24

Tanner Molendyk
Pick #25

Gavin Brindley
Pick #26

Nate Danielson
Pick #27

Pick #28

Pick #29

Pick #30

Pick #31

Pick #32

Pick #33

Pick #34

Pick #35

Pick #36

Pick #37

Pick #38

Pick #39

Pick #40

Pick #41

Pick #42

Pick #43

Pick #44

Pick #45

Pick #46

Pick #47

Pick #48

Pick #49

Pick #50

Pick #51

Pick #52

Pick #53

Pick #54

Pick #55

Pick #56

Pick #57

Pick #58

Pick #59

Pick #60

Pick #61

Pick #62

Pick #63

Pick #64

Pick #65

Pick #66

Pick #67

Pick #68

Pick #69

Pick #70

Pick #71

Pick #72

Pick #73

Pick #74

Pick #75

Pick #76

Pick #77

Pick #78

Pick #79

Pick #80

Pick #81

Pick #82

Pick #83

Pick #84

Pick #85

Pick #86

Pick #87

Pick #88

Pick #89

Pick #90

Pick #91

Pick #92

Pick #93

Pick #94

Pick #95

Pick #96

Pick #97

Pick #98

Pick #99

Pick #100

Pick #101

Pick #102

Pick #103

Pick #104

Pick #105

Pick #106

Pick #107

Pick #108

Pick #109

Pick #110

Pick #111

Pick #112

Pick #113

Pick #114

Pick #115

Pick #116

Pick #117

Pick #118

Pick #119

Pick #120

Pick #121

Pick #122

Pick #123

Pick #124

Pick #125

Pick #126

Pick #127

Pick #128

Pick #129

Pick #130

Full Scoreboard »»

Sabres vs Kings

Created - March 23, 2024 at 23:32

Goals
1 2 3 T
Sabres 3 0 0 3
Kings 2 2 0 4
Shots
1 2 3 T
Sabres 16 6 12 34
Kings 21 15 9 45

GoalsPenalties
1st period
1. Sabres , Corey Perry 7 (Colton White 11) at 0:54
2. Kings , Tyler Bertuzzi 11 (Jason Dickinson 11, Ilya Mikheyev 26) at 2:07 (PP)
3. Sabres , Brett Howden 11 (Corey Perry 13, Victor Soderstrom 19) at 14:44
4. Kings , Victor Olofsson 11 (Timothy Liljegren 8, Kirill Marchenko 7) at 17:06
5. Sabres , Corey Perry 8 (Brett Howden 9, Brenden Dillon 19) at 18:29
Kaedan Korczak (BUF) for Hooking (Minor) at 1:13
Joel Edmundson (LOS) for Hooking (Minor) at 6:22
Arber Xhekaj (BUF) for Holding (Minor) at 8:51
Nicklas Backstrom (BUF) for Holding (Minor) at 9:17
Cole Sillinger (LOS) for Interference (Minor) at 14:56
2nd period
6. Kings , Joel Edmundson 4 (Kailer Yamamoto 20, Kirill Marchenko 8) at 2:17 (PP)
7. Kings , Tyler Bertuzzi 12 (Jason Dickinson 12, Derek Ryan 18) at 4:15 (PP)
Brenden Dillon (BUF) for Goalie Interference (Minor) at 0:50
Kaedan Korczak (BUF) for Interference (Minor) at 3:16
Zach Sanford (BUF) for Hooking (Minor) at 8:31
Colton White (BUF) for Slashing (Minor) at 14:29
Mason Appleton (BUF) for Interference (Minor) at 19:45
3rd period
No Goal
Arber Xhekaj (BUF) for Roughing (Minor) at 1:59
Jonny Brodzinski (LOS) for Hooking (Minor) at 4:02
Rasmus Ristolainen (LOS) for Tripping (Minor) at 6:29
Goalie Stats
James Reimer (BUF), 41 saves from 45 shots - (0.911), L, 9-32-4, 59:18 minutes
Tristan Jarry (LOS), 31 saves from 34 shots - (0.912), W, 16-19-6, 60:00 minutes
3 StarsOfficial
1 - Corey Perry (BUF)
2 - Brett Howden (BUF)
3 - Kirill Marchenko (LOS)
Referees : Jake Brenk and Andrew Wilk
Linesman : Greg Devorski and Neil Campbell
Game Note
No Game Note
Finance
Level 1 -- Attendance: 6430 (98.92%) -- Ticket Income $610,850
Level 2 -- Attendance: 5000 (100.00%) -- Ticket Income $375,000
Level 3 -- Attendance: 3351 (95.74%) -- Ticket Income $184,305
Level 4 -- Attendance: 2118 (100.00%) -- Ticket Income $84,720
Luxury Box -- Attendance: 933 (93.30%) -- Ticket Income $209,925
Game was played at the Staples Center.
Total Attendance: 17832 (98.42%)
Total Ticket Income: $1,464,800
Other Income: $366,200
Total Income: $1,831,000



Team Name Goals Shots Shots Attemp Shots Blocked PIM HIT PP PK FO%
Sabres 334781118220 / 4 (0%)357%
Kings 44585118233 / 9 (33%)043%

Sabres
Player Name POS G A P +/- PIM HIT SHT SB MP PP MP PP SHT PK MP PK SHT FO% FOT
Arber XhekajD0001472320:373:2915:1700% 0
Brenden DillonD0111233426:274:2715:5310% 0
Brett HowdenC1123004016:053:4600:53072% 25
Colton WhiteD0111211021:323:2906:1100% 0
Corey PerryRW2133006019:233:4624:11075% 4
Jake NeighboursLW000000001:290:0000:0000% 0
Jesper FastRW0000002125:074:1017:57043% 7
Jonathan DrouinLW0000004121:214:1014:11167% 3
Joona LuotoLW000-1020112:270:0000:000100% 1
Juraj SlafkovskyLW000000000:010:0000:0000% 0
Kaedan KorczakD0000421013:460:0003:2600% 0
Mason AppletonC000-1211013:550:0000:00050% 2
Mason McTavishC000-1000013:340:0001:06050% 16
Nic PetanC000000000:010:0000:000100% 1
Nicklas BackstromC0000214026:094:1027:30049% 41
Philippe MyersD0001021127:094:2716:3500% 0
Victor SoderstromD0110001010:230:0000:0000% 0
Zach SanfordLW0003234015:113:4630:0000% 0
Kings
Player Name POS G A P +/- PIM HIT SHT SB MP PP MP PP SHT PK MP PK SHT FO% FOT
Cole SillingerC0001242018:506:4910:07048% 29
David KrejciC000-3003015:270:0000:0000% 3
David SavardD000-2011324:265:3415:2100% 0
Derek RyanC011-3013021:196:5212:32039% 31
Ilya MikheyevRW0110004018:445:3432:4200% 3
Jason DickinsonC0220012022:306:3804:51050% 24
Joel EdmundsonD101-1253323:238:0732:2300% 0
Jonny BrodzinskiC000020103:310:0000:00040% 5
Josh MansonD000000000:000:0000:0000% 0
Kailer YamamotoRW0110035017:166:4930:000100% 1
Kirill MarchenkoRW0221001019:176:4910:00050% 2
Mike ReillyD000-2022317:060:0004:0910% 0
Nick JensenD000-1002224:488:0723:4700% 0
Rasmus RistolainenD0001221012:430:0000:1200% 0
Timothy LiljegrenD0111021011:580:0000:0000% 0
Tyler BertuzziLW202-3007018:476:5260:00050% 2
Tyler MotteC000002109:460:0005:4000% 0
Victor OlofssonLW1011006012:090:1400:0000% 0



Play-by-Play

1st period


0:01 of 1st period - Jesper Fast wins face-off versus Derek Ryan in neutral zone.
0:54 of 1st period - Shot by Corey Perry.
0:54 of 1st period - Goal by Corey Perry - Sabres : 1 - Kings : 0.
0:55 of 1st period - Jason Dickinson wins face-off versus Mason McTavish in neutral zone.
1:13 of 1st period - Minor Penalty to Kaedan Korczak for Hooking.
1:14 of 1st period - Cole Sillinger wins face-off versus Nicklas Backstrom in Sabres zone.
1:41 of 1st period - Shot by Kirill Marchenko.
1:41 of 1st period - Stopped by James Reimer with a rebound.
1:43 of 1st period - Shot by Nick Jensen.
1:43 of 1st period - Stopped by James Reimer without a rebound.
1:44 of 1st period - Derek Ryan wins face-off versus Corey Perry in Sabres zone.
2:07 of 1st period - Shot by Tyler Bertuzzi.
2:07 of 1st period - Goal by Tyler Bertuzzi - Sabres : 1 - Kings : 1.
2:08 of 1st period - Mason McTavish wins face-off versus Cole Sillinger in neutral zone.
2:11 of 1st period - Rasmus Ristolainen is hit by Joona Luoto.
2:23 of 1st period - Shot by Victor Olofsson.
2:23 of 1st period - Shot Blocked by Arber Xhekaj.
3:19 of 1st period - Shot by Kailer Yamamoto.
3:19 of 1st period - Stopped by James Reimer without a rebound.
3:20 of 1st period - Brett Howden wins face-off versus Jonny Brodzinski in Sabres zone.
3:28 of 1st period - Shot by Tyler Motte.
3:28 of 1st period - Stopped by James Reimer without a rebound.
3:29 of 1st period - Brett Howden wins face-off versus Jonny Brodzinski in Sabres zone.
3:29 of 1st period - Brenden Dillon is hit by Tyler Motte and loses puck.
3:46 of 1st period - Shot by David Krejci.
3:46 of 1st period - Shot Misses the Net.
4:02 of 1st period - Shot by David Krejci.
4:02 of 1st period - Stopped by James Reimer with a rebound.
4:25 of 1st period - Corey Perry is hit by Rasmus Ristolainen and loses puck.
4:36 of 1st period - Icing by Brett Howden.
4:37 of 1st period - Cole Sillinger wins face-off versus Brett Howden in Sabres zone.
5:00 of 1st period - Shot by Nicklas Backstrom.
5:00 of 1st period - Shot Blocked by Mike Reilly.
5:12 of 1st period - Shot by Nicklas Backstrom.
5:12 of 1st period - Deflect By Jonathan Drouin.
5:12 of 1st period - Stopped by Tristan Jarry without a rebound.
5:13 of 1st period - Joona Luoto wins face-off versus Jason Dickinson in Kings zone.
5:29 of 1st period - Rasmus Ristolainen is hit by Joona Luoto and loses puck.
5:39 of 1st period - Icing by Jason Dickinson.
5:40 of 1st period - Nicklas Backstrom wins face-off versus Jason Dickinson in Kings zone.
5:49 of 1st period - Shot by Ilya Mikheyev.
5:49 of 1st period - Stopped by James Reimer with a rebound.
5:51 of 1st period - Shot by Jason Dickinson.
5:51 of 1st period - Stopped by James Reimer without a rebound.
5:52 of 1st period - Derek Ryan wins face-off versus Mason Appleton in Sabres zone.
6:11 of 1st period - Shot by Jake Neighbours.
6:11 of 1st period - Shot Misses the Net.
6:15 of 1st period - Shot by Mason Appleton.
6:15 of 1st period - Stopped by Tristan Jarry without a rebound.
6:16 of 1st period - Brett Howden wins face-off versus Cole Sillinger in Kings zone.
6:16 of 1st period - Brett Howden is hit by Joel Edmundson.
6:20 of 1st period - Shot by Zach Sanford.
6:20 of 1st period - Stopped by Tristan Jarry without a rebound.
6:21 of 1st period - Nicklas Backstrom wins face-off versus Cole Sillinger in Kings zone.
6:22 of 1st period - Shot by Jonathan Drouin.
6:22 of 1st period - Stopped by Tristan Jarry without a rebound.
6:22 of 1st period - Minor Penalty to Joel Edmundson for Hooking.
6:23 of 1st period - Nicklas Backstrom wins face-off versus Jason Dickinson in Kings zone.
6:42 of 1st period - Shot by Nicklas Backstrom.
6:42 of 1st period - Shot Misses the Net.
6:46 of 1st period - Shot by Jesper Fast.
6:46 of 1st period - Stopped by Tristan Jarry with a rebound.
6:48 of 1st period - Shot by Philippe Myers.
6:48 of 1st period - Shot Misses the Net.
7:02 of 1st period - Shot by Jonathan Drouin.
7:02 of 1st period - Shot Hit the Post.
7:04 of 1st period - Shot by Brenden Dillon.
7:04 of 1st period - Shot Misses the Net.
7:06 of 1st period - Shot by Brenden Dillon.
7:06 of 1st period - Shot Misses the Net.
7:24 of 1st period - Shot by Colton White.
7:24 of 1st period - Shot Misses the Net.
7:26 of 1st period - Shot by Zach Sanford.
7:26 of 1st period - Stopped by Tristan Jarry without a rebound.
7:27 of 1st period - Brett Howden wins face-off versus Derek Ryan in Kings zone.
7:34 of 1st period - Shot by Zach Sanford.
7:34 of 1st period - Deflect By Corey Perry.
7:34 of 1st period - Stopped by Tristan Jarry with a rebound.
7:36 of 1st period - Shot by Corey Perry.
7:36 of 1st period - Shot Blocked by David Savard.
7:38 of 1st period - Shot by Zach Sanford.
7:38 of 1st period - Stopped by Tristan Jarry without a rebound.
7:39 of 1st period - Brett Howden wins face-off versus Jason Dickinson in Kings zone.
7:47 of 1st period - Shot by Arber Xhekaj.
7:47 of 1st period - Stopped by Tristan Jarry with a rebound.
7:49 of 1st period - Shot by Zach Sanford.
7:49 of 1st period - Stopped by Tristan Jarry without a rebound.
7:50 of 1st period - Nicklas Backstrom wins face-off versus Jason Dickinson in Kings zone.
7:55 of 1st period - Shot by Nicklas Backstrom.
7:55 of 1st period - Stopped by Tristan Jarry without a rebound.
7:56 of 1st period - Nicklas Backstrom wins face-off versus Jason Dickinson in Kings zone.
8:07 of 1st period - Shot by Nicklas Backstrom.
8:07 of 1st period - Shot Misses the Net.
8:09 of 1st period - Shot by Brenden Dillon.
8:09 of 1st period - Shot Misses the Net.
8:11 of 1st period - Shot by Brenden Dillon.
8:11 of 1st period - Shot Misses the Net.
8:13 of 1st period - Shot by Jesper Fast.
8:13 of 1st period - Shot Misses the Net.
8:15 of 1st period - Shot by Philippe Myers.
8:15 of 1st period - Shot Misses the Net.
8:51 of 1st period - Minor Penalty to Arber Xhekaj for Holding.
8:52 of 1st period - Derek Ryan wins face-off versus Nicklas Backstrom in Sabres zone.
9:16 of 1st period - Icing by Jason Dickinson.
9:17 of 1st period - Derek Ryan wins face-off versus Nicklas Backstrom in Kings zone.
9:17 of 1st period - Minor Penalty to Nicklas Backstrom for Holding.
9:18 of 1st period - Cole Sillinger wins face-off versus Mason McTavish in Sabres zone.
9:23 of 1st period - Shot by Kailer Yamamoto.
9:23 of 1st period - Stopped by James Reimer without a rebound.
9:24 of 1st period - Mason McTavish wins face-off versus Cole Sillinger in Sabres zone.
9:24 of 1st period - Mason McTavish is hit by Cole Sillinger.
9:42 of 1st period - Shot by Kailer Yamamoto.
9:42 of 1st period - Shot Misses the Net.
9:44 of 1st period - Shot by Nick Jensen.
9:44 of 1st period - Stopped by James Reimer without a rebound.
9:45 of 1st period - Derek Ryan wins face-off versus Mason McTavish in Sabres zone.
10:19 of 1st period - Shot by Ilya Mikheyev.
10:19 of 1st period - Stopped by James Reimer without a rebound.
10:20 of 1st period - Cole Sillinger wins face-off versus Brett Howden in Sabres zone.
11:07 of 1st period - Joel Edmundson is hit by Colton White and loses puck.
11:40 of 1st period - Shot by Timothy Liljegren.
11:40 of 1st period - Stopped by James Reimer without a rebound.
11:41 of 1st period - Nicklas Backstrom wins face-off versus Derek Ryan in Sabres zone.
12:01 of 1st period - Shot by David Krejci.
12:01 of 1st period - Shot Blocked by Brenden Dillon.
12:09 of 1st period - Shot by David Krejci.
12:09 of 1st period - Stopped by James Reimer without a rebound.
12:10 of 1st period - Brett Howden wins face-off versus Jason Dickinson in Sabres zone.
12:14 of 1st period - Corey Perry is hit by Timothy Liljegren and loses puck.
12:20 of 1st period - Rasmus Ristolainen is hit by Arber Xhekaj and loses puck.
12:35 of 1st period - Shot by Kailer Yamamoto.
12:35 of 1st period - Shot Misses the Net.
12:37 of 1st period - Shot by Ilya Mikheyev.
12:37 of 1st period - Deflect By Kailer Yamamoto.
12:37 of 1st period - Stopped by James Reimer without a rebound.
12:38 of 1st period - Cole Sillinger wins face-off versus Mason McTavish in Sabres zone.
12:38 of 1st period - Joel Edmundson is hit by Brenden Dillon and loses puck.
12:49 of 1st period - Shot by Mason McTavish.
12:49 of 1st period - Shot Misses the Net.
12:59 of 1st period - Shot by Victor Olofsson.
12:59 of 1st period - Stopped by James Reimer with a rebound.
13:01 of 1st period - Shot by Kirill Marchenko.
13:01 of 1st period - Deflect By Cole Sillinger.
13:01 of 1st period - Shot Misses the Net.
13:17 of 1st period - Shot by Victor Olofsson.
13:17 of 1st period - Shot Blocked by Brenden Dillon.
13:35 of 1st period - Shot by Tyler Bertuzzi.
13:35 of 1st period - Shot Misses the Net.
13:37 of 1st period - Shot by Mike Reilly.
13:37 of 1st period - Stopped by James Reimer without a rebound.
13:38 of 1st period - Nicklas Backstrom wins face-off versus Jason Dickinson in Sabres zone.
13:49 of 1st period - Nicklas Backstrom is hit by Kailer Yamamoto and loses puck.
14:40 of 1st period - Shot by Corey Perry.
14:40 of 1st period - Shot Misses the Net.
14:42 of 1st period - Shot by Brett Howden.
14:42 of 1st period - Shot Misses the Net.
14:44 of 1st period - Shot by Corey Perry.
14:44 of 1st period - Deflect By Brett Howden.
14:44 of 1st period - Goal by Brett Howden - Sabres : 2 - Kings : 1.
14:45 of 1st period - Cole Sillinger wins face-off versus Mason McTavish in neutral zone.
14:48 of 1st period - Mason McTavish is hit by Cole Sillinger and loses puck.
14:56 of 1st period - Minor Penalty to Cole Sillinger for Interference.
14:57 of 1st period - Jason Dickinson wins face-off versus Brett Howden in Kings zone.
15:08 of 1st period - Shot by Philippe Myers.
15:08 of 1st period - Shot Misses the Net.
15:10 of 1st period - Shot by Brenden Dillon.
15:10 of 1st period - Stopped by Tristan Jarry without a rebound.
15:11 of 1st period - Jason Dickinson wins face-off versus Nicklas Backstrom in Kings zone.
15:17 of 1st period - Icing by Colton White.
15:18 of 1st period - Jason Dickinson wins face-off versus Nicklas Backstrom in Sabres zone.
15:19 of 1st period - Shot by Tyler Motte.
15:19 of 1st period - Shot Hit the Post.
15:21 of 1st period - Shot by Tyler Motte.
15:21 of 1st period - Shot Misses the Net.
15:42 of 1st period - Shot by Nicklas Backstrom.
15:42 of 1st period - Shot Misses the Net.
16:29 of 1st period - Shot by Mike Reilly.
16:29 of 1st period - Stopped by James Reimer without a rebound.
16:30 of 1st period - Jason Dickinson wins face-off versus Brett Howden in Sabres zone.
16:30 of 1st period - Jason Dickinson is hit by Philippe Myers.
16:32 of 1st period - Shot by Tyler Motte.
16:32 of 1st period - Shot Misses the Net.
17:06 of 1st period - Shot by Victor Olofsson.
17:06 of 1st period - Goal by Victor Olofsson - Sabres : 2 - Kings : 2.
17:07 of 1st period - Cole Sillinger wins face-off versus Jesper Fast in neutral zone.
17:10 of 1st period - Shot by Victor Olofsson.
17:10 of 1st period - Shot Misses the Net.
17:20 of 1st period - Shot by Kirill Marchenko.
17:20 of 1st period - Shot Hit the Post.
17:22 of 1st period - Shot by David Savard.
17:22 of 1st period - Shot Misses the Net.
17:24 of 1st period - Shot by David Savard.
17:24 of 1st period - Shot Misses the Net.
17:32 of 1st period - Shot by Kirill Marchenko.
17:32 of 1st period - Shot Misses the Net.
17:34 of 1st period - Shot by Victor Olofsson.
17:34 of 1st period - Stopped by James Reimer with a rebound.
17:57 of 1st period - Off-side.
17:58 of 1st period - Brett Howden wins face-off versus David Krejci in neutral zone.
18:25 of 1st period - Shot by Brett Howden.
18:25 of 1st period - Shot Misses the Net.
18:27 of 1st period - Shot by Brett Howden.
18:27 of 1st period - Stopped by Tristan Jarry with a rebound.
18:29 of 1st period - Shot by Corey Perry.
18:29 of 1st period - Goal by Corey Perry - Sabres : 3 - Kings : 2.
18:30 of 1st period - Jason Dickinson wins face-off versus Mason McTavish in neutral zone.
18:47 of 1st period - Shot by Ilya Mikheyev.
18:47 of 1st period - Shot Hit the Post.
18:49 of 1st period - Shot by Jason Dickinson.
18:49 of 1st period - Stopped by James Reimer without a rebound.
18:50 of 1st period - Cole Sillinger wins face-off versus Nicklas Backstrom in Sabres zone.
18:57 of 1st period - Shot by Victor Olofsson.
18:57 of 1st period - Stopped by James Reimer with a rebound.
19:02 of 1st period - Jonathan Drouin is hit by Cole Sillinger and loses puck.
19:07 of 1st period - David Savard is hit by Arber Xhekaj and loses puck.
19:17 of 1st period - Icing by David Savard.
19:18 of 1st period - Brett Howden wins face-off versus Cole Sillinger in Kings zone.
19:18 of 1st period - Zach Sanford is hit by David Savard.
19:34 of 1st period - David Savard is hit by Zach Sanford and loses puck.
19:54 of 1st period - Icing by Philippe Myers.
19:55 of 1st period - Brett Howden wins face-off versus Derek Ryan in Sabres zone.
Goals for this period are 3 for Sabres vs 2 for Kings.
Shots for this period are 16 for Sabres vs 21 for Kings.

2nd period


0:01 of 2nd period - Nicklas Backstrom wins face-off versus Derek Ryan in neutral zone.
0:04 of 2nd period - Shot by Jonathan Drouin.
0:04 of 2nd period - Shot Misses the Net.
0:21 of 2nd period - Icing by Philippe Myers.
0:22 of 2nd period - Jason Dickinson wins face-off versus Jonathan Drouin in Sabres zone.
0:48 of 2nd period - Jason Dickinson is hit by Brenden Dillon and loses puck.
0:50 of 2nd period - Minor Penalty to Brenden Dillon for Goalie Interference.
0:51 of 2nd period - Derek Ryan wins face-off versus Nicklas Backstrom in Sabres zone.
1:00 of 2nd period - Shot by Joel Edmundson.
1:00 of 2nd period - Stopped by James Reimer with a rebound.
1:02 of 2nd period - Shot by Nick Jensen.
1:02 of 2nd period - Shot Misses the Net.
1:04 of 2nd period - Shot by Derek Ryan.
1:04 of 2nd period - Stopped by James Reimer with a rebound.
1:06 of 2nd period - Shot by Joel Edmundson.
1:06 of 2nd period - Stopped by James Reimer with a rebound.
1:58 of 2nd period - Shot by David Savard.
1:58 of 2nd period - Shot Blocked by Jonathan Drouin.
2:04 of 2nd period - Shot by Kailer Yamamoto.
2:04 of 2nd period - Shot Misses the Net.
2:06 of 2nd period - Shot by David Savard.
2:06 of 2nd period - Stopped by James Reimer without a rebound.
2:07 of 2nd period - Kirill Marchenko wins face-off versus Nicklas Backstrom in Sabres zone.
2:07 of 2nd period - Kirill Marchenko is hit by Arber Xhekaj.
2:15 of 2nd period - Shot by Joel Edmundson.
2:15 of 2nd period - Shot Blocked by Jesper Fast.
2:17 of 2nd period - Shot by Joel Edmundson.
2:17 of 2nd period - Goal by Joel Edmundson - Sabres : 3 - Kings : 3.
2:18 of 2nd period - Mason McTavish wins face-off versus Jonny Brodzinski in neutral zone.
2:26 of 2nd period - Shot by Jonny Brodzinski.
2:26 of 2nd period - Stopped by James Reimer without a rebound.
2:27 of 2nd period - Mason McTavish wins face-off versus Derek Ryan in Sabres zone.
2:53 of 2nd period - Shot by Mason McTavish.
2:53 of 2nd period - Shot Blocked by David Savard.
3:05 of 2nd period - Shot by Arber Xhekaj.
3:05 of 2nd period - Stopped by Tristan Jarry without a rebound.
3:06 of 2nd period - Brett Howden wins face-off versus Jason Dickinson in Kings zone.
3:14 of 2nd period - Nick Jensen is hit by Kaedan Korczak and loses puck.
3:16 of 2nd period - Minor Penalty to Kaedan Korczak for Interference.
3:17 of 2nd period - Cole Sillinger wins face-off versus Nicklas Backstrom in Sabres zone.
3:19 of 2nd period - Kirill Marchenko is hit by Brenden Dillon and loses puck.
3:25 of 2nd period - Cole Sillinger is hit by Philippe Myers and loses puck.
3:32 of 2nd period - Shot by Joel Edmundson.
3:32 of 2nd period - Shot Misses the Net.
3:51 of 2nd period - Off-side.
3:52 of 2nd period - Derek Ryan wins face-off versus Nicklas Backstrom in neutral zone.
4:07 of 2nd period - Shot by Ilya Mikheyev.
4:07 of 2nd period - Stopped by James Reimer with a rebound.
4:09 of 2nd period - Shot by Derek Ryan.
4:09 of 2nd period - Deflect By Tyler Bertuzzi.
4:09 of 2nd period - Stopped by James Reimer without a rebound.
4:10 of 2nd period - Derek Ryan wins face-off versus Jesper Fast in Sabres zone.
4:15 of 2nd period - Shot by Tyler Bertuzzi.
4:15 of 2nd period - Goal by Tyler Bertuzzi - Sabres : 3 - Kings : 4.
4:16 of 2nd period - Brett Howden wins face-off versus Cole Sillinger in neutral zone.
5:16 of 2nd period - Icing by Jesper Fast.
5:17 of 2nd period - Derek Ryan wins face-off versus Nicklas Backstrom in Sabres zone.
6:53 of 2nd period - Shot by Zach Sanford.
6:53 of 2nd period - Shot Misses the Net.
6:55 of 2nd period - Shot by Zach Sanford.
6:55 of 2nd period - Shot Blocked by Joel Edmundson.
6:57 of 2nd period - Shot by Brenden Dillon.
6:57 of 2nd period - Shot Misses the Net.
6:59 of 2nd period - Shot by Brenden Dillon.
6:59 of 2nd period - Shot Misses the Net.
7:01 of 2nd period - Shot by Zach Sanford.
7:01 of 2nd period - Deflect By Corey Perry.
7:01 of 2nd period - Shot Blocked by Joel Edmundson.
7:03 of 2nd period - Shot by Brett Howden.
7:03 of 2nd period - Deflect By Corey Perry.
7:03 of 2nd period - Shot Blocked by Nick Jensen.
7:09 of 2nd period - Shot by Corey Perry.
7:09 of 2nd period - Stopped by Tristan Jarry without a rebound.
7:10 of 2nd period - Jason Dickinson wins face-off versus Nicklas Backstrom in Kings zone.
7:18 of 2nd period - Icing by Victor Soderstrom.
7:19 of 2nd period - Jonathan Drouin wins face-off versus Jason Dickinson in Sabres zone.
7:50 of 2nd period - Shot by Nicklas Backstrom.
7:50 of 2nd period - Stopped by Tristan Jarry with a rebound.
8:31 of 2nd period - Minor Penalty to Zach Sanford for Hooking.
8:32 of 2nd period - Jesper Fast wins face-off versus Cole Sillinger in Sabres zone.
8:32 of 2nd period - Colton White is hit by Kailer Yamamoto and loses puck.
8:44 of 2nd period - Shot by Ilya Mikheyev.
8:44 of 2nd period - Stopped by James Reimer without a rebound.
8:45 of 2nd period - Cole Sillinger wins face-off versus Jesper Fast in Sabres zone.
9:04 of 2nd period - Shot by Nick Jensen.
9:04 of 2nd period - Shot Misses the Net.
9:06 of 2nd period - Shot by Cole Sillinger.
9:06 of 2nd period - Stopped by James Reimer without a rebound.
9:07 of 2nd period - Corey Perry wins face-off versus Derek Ryan in Sabres zone.
9:07 of 2nd period - Corey Perry is hit by Jason Dickinson.
9:17 of 2nd period - Shot by Jonathan Drouin.
9:17 of 2nd period - Stopped by Tristan Jarry without a rebound.
9:18 of 2nd period - Derek Ryan wins face-off versus Nicklas Backstrom in Kings zone.
9:44 of 2nd period - Shot by Tyler Bertuzzi.
9:44 of 2nd period - Shot Blocked by Philippe Myers.
10:02 of 2nd period - Shot by Kailer Yamamoto.
10:02 of 2nd period - Shot Misses the Net.
10:04 of 2nd period - Shot by Joel Edmundson.
10:04 of 2nd period - Shot Blocked by Arber Xhekaj.
11:57 of 2nd period - Shot by Kirill Marchenko.
11:57 of 2nd period - Shot Misses the Net.
12:54 of 2nd period - Brenden Dillon is hit by Timothy Liljegren.
13:32 of 2nd period - Icing by Derek Ryan.
13:33 of 2nd period - Brett Howden wins face-off versus David Krejci in Kings zone.
13:33 of 2nd period - Corey Perry is hit by Rasmus Ristolainen and loses puck.
13:36 of 2nd period - Shot by Colton White.
13:36 of 2nd period - Stopped by Tristan Jarry without a rebound.
13:37 of 2nd period - Cole Sillinger wins face-off versus Brett Howden in Kings zone.
13:37 of 2nd period - Cole Sillinger is hit by Zach Sanford.
14:02 of 2nd period - Shot by Corey Perry.
14:02 of 2nd period - Shot Blocked by Mike Reilly.
14:08 of 2nd period - Shot by Corey Perry.
14:08 of 2nd period - Stopped by Tristan Jarry with a rebound.
14:10 of 2nd period - Shot by Arber Xhekaj.
14:10 of 2nd period - Shot Misses the Net.
14:29 of 2nd period - Minor Penalty to Colton White for Slashing.
14:30 of 2nd period - Nicklas Backstrom wins face-off versus Tyler Bertuzzi in Sabres zone.
14:36 of 2nd period - Icing by Jason Dickinson.
14:37 of 2nd period - Nicklas Backstrom wins face-off versus Derek Ryan in Kings zone.
14:41 of 2nd period - Icing by Joel Edmundson.
14:42 of 2nd period - Nicklas Backstrom wins face-off versus Derek Ryan in Kings zone.
14:50 of 2nd period - Icing by Nick Jensen.
14:51 of 2nd period - Nicklas Backstrom wins face-off versus Derek Ryan in Kings zone.
16:01 of 2nd period - Shot by Kailer Yamamoto.
16:01 of 2nd period - Stopped by James Reimer without a rebound.
16:02 of 2nd period - Corey Perry wins face-off versus Cole Sillinger in Sabres zone.
16:39 of 2nd period - Mason Appleton is hit by Tyler Motte and loses puck.
17:04 of 2nd period - Shot by David Krejci.
17:04 of 2nd period - Shot Blocked by Joona Luoto.
17:37 of 2nd period - Nick Jensen is hit by Arber Xhekaj and loses puck.
17:50 of 2nd period - Icing by Corey Perry.
17:51 of 2nd period - Cole Sillinger wins face-off versus Brett Howden in Sabres zone.
17:52 of 2nd period - Shot by Victor Olofsson.
17:52 of 2nd period - Deflect By Cole Sillinger.
17:52 of 2nd period - Stopped by James Reimer without a rebound.
17:53 of 2nd period - Cole Sillinger wins face-off versus Nicklas Backstrom in Sabres zone.
18:12 of 2nd period - Shot by Kirill Marchenko.
18:12 of 2nd period - Shot Misses the Net.
18:21 of 2nd period - Icing by Kaedan Korczak.
18:22 of 2nd period - Jonathan Drouin wins face-off versus David Krejci in Sabres zone.
18:41 of 2nd period - Shot by Derek Ryan.
18:41 of 2nd period - Shot Misses the Net.
18:43 of 2nd period - Shot by Derek Ryan.
18:43 of 2nd period - Stopped by James Reimer without a rebound.
18:44 of 2nd period - Corey Perry wins face-off versus Jason Dickinson in Sabres zone.
18:46 of 2nd period - Brett Howden is hit by Kailer Yamamoto and loses puck.
19:04 of 2nd period - Brenden Dillon is hit by Mike Reilly and loses puck.
19:11 of 2nd period - Shot by Brett Howden.
19:11 of 2nd period - Shot Blocked by David Savard.
19:45 of 2nd period - Minor Penalty to Mason Appleton for Interference.
19:46 of 2nd period - Derek Ryan wins face-off versus Nicklas Backstrom in Sabres zone.
19:47 of 2nd period - Shot by Tyler Bertuzzi.
19:47 of 2nd period - Stopped by James Reimer with a rebound.
Goals for this period are 0 for Sabres vs 2 for Kings.
Shots for this period are 6 for Sabres vs 15 for Kings.

3rd period


0:01 of 3rd period - Nicklas Backstrom wins face-off versus Jason Dickinson in neutral zone.
0:21 of 3rd period - Tyler Bertuzzi is hit by Arber Xhekaj and loses puck.
0:30 of 3rd period - Shot by Tyler Bertuzzi.
0:30 of 3rd period - Stopped by James Reimer without a rebound.
0:31 of 3rd period - Kailer Yamamoto wins face-off versus Nicklas Backstrom in Sabres zone.
0:38 of 3rd period - Shot by Kailer Yamamoto.
0:38 of 3rd period - Stopped by James Reimer without a rebound.
0:39 of 3rd period - Nicklas Backstrom wins face-off versus Cole Sillinger in Sabres zone.
1:12 of 3rd period - Shot by Kailer Yamamoto.
1:12 of 3rd period - Shot Blocked by Arber Xhekaj.
1:35 of 3rd period - Icing by Tyler Bertuzzi.
1:36 of 3rd period - Nicklas Backstrom wins face-off versus Derek Ryan in Kings zone.
1:36 of 3rd period - Nicklas Backstrom is hit by Joel Edmundson.
1:44 of 3rd period - Shot by Brenden Dillon.
1:44 of 3rd period - Stopped by Tristan Jarry without a rebound.
1:45 of 3rd period - Mason McTavish wins face-off versus Derek Ryan in Kings zone.
1:54 of 3rd period - Shot by Tyler Bertuzzi.
1:54 of 3rd period - Stopped by James Reimer with a rebound.
1:56 of 3rd period - Shot by Derek Ryan.
1:56 of 3rd period - Stopped by James Reimer without a rebound.
1:57 of 3rd period - Jonny Brodzinski wins face-off versus Nicklas Backstrom in Sabres zone.
1:57 of 3rd period - Tyler Motte is hit by Arber Xhekaj and loses puck.
1:59 of 3rd period - Minor Penalty to Arber Xhekaj for Roughing.
2:00 of 3rd period - Derek Ryan wins face-off versus Nicklas Backstrom in Sabres zone.
2:13 of 3rd period - Shot by Jason Dickinson.
2:13 of 3rd period - Deflect By Tyler Bertuzzi.
2:13 of 3rd period - Stopped by James Reimer without a rebound.
2:14 of 3rd period - Nicklas Backstrom wins face-off versus Cole Sillinger in Sabres zone.
3:35 of 3rd period - Shot by Jason Dickinson.
3:35 of 3rd period - Shot Misses the Net.
4:02 of 3rd period - Minor Penalty to Jonny Brodzinski for Hooking.
4:03 of 3rd period - Brett Howden wins face-off versus Ilya Mikheyev in Kings zone.
4:22 of 3rd period - Shot by Corey Perry.
4:22 of 3rd period - Stopped by Tristan Jarry without a rebound.
4:23 of 3rd period - Nicklas Backstrom wins face-off versus Ilya Mikheyev in Kings zone.
4:26 of 3rd period - Shot by Jonathan Drouin.
4:26 of 3rd period - Stopped by Tristan Jarry without a rebound.
4:27 of 3rd period - Jason Dickinson wins face-off versus Nicklas Backstrom in Kings zone.
4:27 of 3rd period - Jason Dickinson is hit by Nicklas Backstrom.
4:56 of 3rd period - Shot by Arber Xhekaj.
4:56 of 3rd period - Shot Blocked by Mike Reilly.
5:00 of 3rd period - Shot by Jesper Fast.
5:00 of 3rd period - Shot Misses the Net.
5:02 of 3rd period - Shot by Nicklas Backstrom.
5:02 of 3rd period - Shot Misses the Net.
5:26 of 3rd period - Shot by Philippe Myers.
5:26 of 3rd period - Stopped by Tristan Jarry without a rebound.
5:27 of 3rd period - Brett Howden wins face-off versus Derek Ryan in Kings zone.
5:50 of 3rd period - Shot by Brett Howden.
5:50 of 3rd period - Shot Misses the Net.
5:59 of 3rd period - Brenden Dillon is hit by Mike Reilly and loses puck.
6:18 of 3rd period - Shot by Mason Appleton.
6:18 of 3rd period - Shot Misses the Net.
6:29 of 3rd period - Minor Penalty to Rasmus Ristolainen for Tripping.
6:30 of 3rd period - Jason Dickinson wins face-off versus Jesper Fast in Kings zone.
6:36 of 3rd period - Icing by Arber Xhekaj.
6:37 of 3rd period - Jason Dickinson wins face-off versus Nicklas Backstrom in Sabres zone.
6:37 of 3rd period - Jason Dickinson is hit by Arber Xhekaj.
6:43 of 3rd period - Shot by Tyler Motte.
6:43 of 3rd period - Shot Misses the Net.
7:13 of 3rd period - Shot by Nicklas Backstrom.
7:13 of 3rd period - Stopped by Tristan Jarry without a rebound.
7:14 of 3rd period - Brett Howden wins face-off versus Derek Ryan in Kings zone.
7:15 of 3rd period - Shot by Brenden Dillon.
7:15 of 3rd period - Shot Misses the Net.
7:47 of 3rd period - Zach Sanford is hit by Joel Edmundson and loses puck.
8:39 of 3rd period - Shot by Mason Appleton.
8:39 of 3rd period - Shot Misses the Net.
8:41 of 3rd period - Shot by Kaedan Korczak.
8:41 of 3rd period - Stopped by Tristan Jarry without a rebound.
8:42 of 3rd period - Tyler Bertuzzi wins face-off versus Mason McTavish in Kings zone.
8:46 of 3rd period - Off-side.
8:47 of 3rd period - Mason McTavish wins face-off versus Cole Sillinger in neutral zone.
8:52 of 3rd period - Shot by Mason McTavish.
8:52 of 3rd period - Shot Misses the Net.
8:54 of 3rd period - Shot by Victor Soderstrom.
8:54 of 3rd period - Stopped by Tristan Jarry without a rebound.
8:55 of 3rd period - Nicklas Backstrom wins face-off versus Derek Ryan in Kings zone.
9:31 of 3rd period - Shot by David Krejci.
9:31 of 3rd period - Stopped by James Reimer with a rebound.
9:55 of 3rd period - Shot by Ilya Mikheyev.
9:55 of 3rd period - Shot Misses the Net.
10:11 of 3rd period - Shot by Kailer Yamamoto.
10:11 of 3rd period - Shot Blocked by Brenden Dillon.
10:37 of 3rd period - Icing by Jonathan Drouin.
10:38 of 3rd period - Nicklas Backstrom wins face-off versus Cole Sillinger in Sabres zone.
10:43 of 3rd period - Shot by Cole Sillinger.
10:43 of 3rd period - Shot Blocked by Brenden Dillon.
10:45 of 3rd period - Shot by Victor Olofsson.
10:45 of 3rd period - Shot Misses the Net.
10:47 of 3rd period - Shot by Rasmus Ristolainen.
10:47 of 3rd period - Stopped by James Reimer without a rebound.
10:48 of 3rd period - Cole Sillinger wins face-off versus Brett Howden in Sabres zone.
10:55 of 3rd period - Shot by Victor Olofsson.
10:55 of 3rd period - Stopped by James Reimer without a rebound.
10:56 of 3rd period - Brett Howden wins face-off versus Derek Ryan in Sabres zone.
10:56 of 3rd period - Brett Howden is hit by Derek Ryan.
11:08 of 3rd period - Shot by Brett Howden.
11:08 of 3rd period - Shot Misses the Net.
11:10 of 3rd period - Shot by Zach Sanford.
11:10 of 3rd period - Shot Blocked by Nick Jensen.
11:32 of 3rd period - Shot by Brett Howden.
11:32 of 3rd period - Shot Hit the Post.
11:34 of 3rd period - Shot by Brett Howden.
11:34 of 3rd period - Shot Misses the Net.
11:58 of 3rd period - Icing by Ilya Mikheyev.
11:59 of 3rd period - Jason Dickinson wins face-off versus Mason McTavish in Kings zone.
11:59 of 3rd period - Jason Dickinson is hit by Mason Appleton.
12:56 of 3rd period - Shot by Victor Olofsson.
12:56 of 3rd period - Shot Misses the Net.
13:00 of 3rd period - Shot by Victor Olofsson.
13:00 of 3rd period - Stopped by James Reimer without a rebound.
13:01 of 3rd period - Jonny Brodzinski wins face-off versus Nicklas Backstrom in Sabres zone.
13:16 of 3rd period - Shot by Jesper Fast.
13:16 of 3rd period - Deflect By Nicklas Backstrom.
13:16 of 3rd period - Stopped by Tristan Jarry without a rebound.
13:17 of 3rd period - Mason Appleton wins face-off versus Cole Sillinger in Kings zone.
14:12 of 3rd period - Victor Olofsson is hit by Zach Sanford and loses puck.
14:19 of 3rd period - Corey Perry is hit by Cole Sillinger and loses puck.
14:30 of 3rd period - Shot by Brenden Dillon.
14:30 of 3rd period - Stopped by Tristan Jarry without a rebound.
14:31 of 3rd period - Nicklas Backstrom wins face-off versus Derek Ryan in Kings zone.
14:45 of 3rd period - Icing by Derek Ryan.
14:46 of 3rd period - Mason McTavish wins face-off versus Derek Ryan in Kings zone.
16:46 of 3rd period - Icing by Rasmus Ristolainen.
16:47 of 3rd period - Brett Howden wins face-off versus Cole Sillinger in Kings zone.
16:52 of 3rd period - Shot by Brett Howden.
16:52 of 3rd period - Stopped by Tristan Jarry without a rebound.
16:53 of 3rd period - Brett Howden wins face-off versus Derek Ryan in Kings zone.
17:06 of 3rd period - Shot by Brett Howden.
17:06 of 3rd period - Stopped by Tristan Jarry without a rebound.
17:07 of 3rd period - Mason McTavish wins face-off versus Cole Sillinger in Kings zone.
17:34 of 3rd period - Shot by Kirill Marchenko.
17:34 of 3rd period - Shot Misses the Net.
18:01 of 3rd period - Philippe Myers is hit by Joel Edmundson and loses puck.
18:29 of 3rd period - Jonathan Drouin is hit by Joel Edmundson and loses puck.
18:32 of 3rd period - Shot by Nicklas Backstrom.
18:32 of 3rd period - Shot Blocked by Joel Edmundson.
19:10 of 3rd period - David Krejci is hit by Kaedan Korczak.
19:18 of 3rd period - Sabres, James Reimer is pulled from the net.
19:25 of 3rd period - Off-side.
19:26 of 3rd period - Jesper Fast wins face-off versus Kirill Marchenko in neutral zone.
19:36 of 3rd period - Shot by Kirill Marchenko.
19:36 of 3rd period - Shot Misses the Net.
19:58 of 3rd period - Shot by Jesper Fast.
19:58 of 3rd period - Stopped by Tristan Jarry without a rebound.
19:59 of 3rd period - Nic Petan wins face-off versus Ilya Mikheyev in Kings zone.
Goals for this period are 0 for Sabres vs 0 for Kings.
Shots for this period are 12 for Sabres vs 9 for Kings.